Map: [TLMC19] Sacred Isle

Players

DKZDark (Dark)

  • Race: Zerg Zerg
  • League: Master
  • Spawn Location: 7:00

DKZherO (herO) - Winner!

  • Race: Protoss Protoss
  • League: Master
  • Spawn Location: 3:00

VOD

Have the link to the VOD?

Description

Time

  • Played on: Dec. 23, 2023, 7:47 a.m.
  • Length: 7:56
Show
View Real Time Build Order
Export as new Build Order

DKZDark Zerg 

Build Orders: Hatch First 

Get SALT Encoding   

  12  0:00  Drone  
  13  0:12  Overlord  
  13  0:16  Drone  
  14  0:31  Drone x2  
  16  0:47  Drone  
  17  0:54  Hatchery  
  17  0:57  Drone  
  17  1:00  Drone  
  18  1:12  Extractor  
  18  1:15  Spawning Pool  
  18  1:16  Drone  
  17  1:22  Drone  
  18  1:29  Drone  
  19  1:39  Drone  
  20  1:50  Overlord  
  20  2:03  Zergling x2  
  20  2:05  Queen  
  20  2:06  Queen  
  26  2:08  Zergling x2  
  26  2:13  Metabolic Boost  
  26  2:15  Drone  
  27  2:17  Drone  
  28  2:30  Drone x2  
  28  2:33  Drone  
  31  2:41  Hatchery  
  30  2:45  Drone  
  31  2:51  Queen  
  31  2:56  Overlord  
  33  2:59  Drone  
  33  3:04  Drone  
  35  3:06  Drone  
  36  3:14  Queen  
  36  3:15  Drone  
  36  3:16  Drone  
  36  3:19  Drone  
  41  3:20  Drone  
  41  3:22  Drone  
  41  3:25  Drone  
  44  3:31  Overlord  
  44  3:41  Lair  
  44  3:45  Overlord x2  
  44  3:52  Queen  
  44  3:54  Drone x3  
  44  3:55  Drone  
  50  4:03  Queen  
  50  4:05  Spore Crawler  
  50  4:07  Zergling x4  
  53  4:13  Drone x3  
  53  4:16  Drone x2  
  58  4:18  Spore Crawler  
  56  4:26  Drone x4  
  56  4:27  Drone  
  56  4:29  Drone  
  61  4:34  Overlord  
  61  4:37  Overlord  
  61  4:41  Nydus Network  
  61  4:43  Extractor  
  59  4:47  Zergling x4  
  59  4:48  Zergling x4  
  59  4:49  Zergling x2  
  64  4:54  Drone  
  65  5:02  Drone x2  
  65  5:03  Drone  
  68  5:11  Overlord  
  69  5:14  Zergling x4  
  69  5:17  Nydus Canal  
  69  5:19  Zergling x2  
  71  5:22  Drone x2  
  71  5:23  Spore Crawler  
  71  5:26  Zergling x4  
  71  5:27  Overlord  
  71  5:28  Queen x2, Overlord x2  
  78  5:37  Spine Crawler, Nydus Canal  
  78  5:39  Spine Crawler  
  78  5:42  Spine Crawler  
  75  5:47  Zergling x14  
  81  5:51  Zergling x6  
  84  5:59  Baneling Nest  
  84  6:00  Zergling x6  
  84  6:02  Queen  
  88  6:08  Zergling x8  
  82  6:30  Zergling x14  
  88  6:42  Baneling x15  
  88  6:43  Zergling x10  
  93  6:52  Baneling x2  
  93  6:53  Zergling x8  
  96  6:55  Zergling x2  
  83  7:08  Zergling x2  
  83  7:09  Zergling x6  
  83  7:15  Zergling x4  
  73  7:23  Zergling x4  
  68  7:30  Zergling x4  
Show
View Real Time Build Order
Export as new Build Order

DKZherO Protoss - Winner!

Build Orders: 1 Gate Expand, Oracle Opening 

Get SALT Encoding   

  12  0:00  Probe  
  13  0:12  Probe  
  14  0:17  Pylon  
  14  0:24  Probe (Chrono Boost)  
  15  0:36  Probe (Chrono Boost)  
  15  0:40  Gateway  
  16  0:43  Probe (Chrono Boost)  
  17  0:50  Assimilator  
  17  0:51  Probe  
  18  1:03  Probe  
  19  1:15  Probe  
  20  1:26  Nexus  
  20  1:36  Cybernetics Core  
  20  1:39  Probe  
  21  1:45  Assimilator  
  21  1:51  Probe  
  22  1:55  Pylon  
  22  2:03  Probe (Chrono Boost)  
  23  2:13  Adept  
  26  2:15  Probe (Chrono Boost)  
  26  2:19  Stargate  
  26  2:24  Probe (Chrono Boost)  
  26  2:25  Warp Gate  
  26  2:29  Probe (Chrono Boost)  
  28  2:39  Probe (Chrono Boost)  
  28  2:42  Adept, Probe (Chrono Boost)  
  32  2:47  Probe (Chrono Boost)  
  32  2:48  Probe (Chrono Boost)  
  34  2:52  Probe (Chrono Boost)  
  34  2:56  Probe  
  36  3:05  Probe  
  41  3:06  Void Ray (Chrono Boost)  
  41  3:08  Probe  
  42  3:17  Pylon  
  44  3:20  Probe  
  44  3:21  Probe  
  46  3:33  Oracle (Chrono Boost)  
  46  3:35  Probe x2  
  49  3:43  Nexus  
  49  3:45  Pylon  
  49  3:53  Gateway, Probe  
  49  3:54  Probe  
  51  4:03  Oracle, Pylon  
  51  4:06  Probe x2  
  56  4:10  Assimilator  
  56  4:14  Assimilator  
  56  4:18  Probe x2  
  58  4:28  Twilight Council  
  58  4:29  Forge  
  58  4:31  Probe  
  58  4:32  Probe  
  60  4:43  Gateway  
  60  4:44  Gateway  
  60  4:45  Probe  
  60  4:46  Probe  
  62  4:56  Gateway  
  62  4:57  Gateway  
  62  5:00  Probe x2  
  62  5:04  Oracle (Chrono Boost)  
  67  5:07  Shield Battery  
  67  5:09  Shield Battery  
  67  5:11  Shield Battery, Protoss Ground Weapons Level 1 (Chrono Boost)  
  67  5:12  Stalker  
  69  5:14  Blink (Chrono Boost)  
  69  5:17  Stalker  
  69  5:19  Pylon  
  71  5:24  Probe x2  
  71  5:25  Probe  
  74  5:35  Pylon  
  74  5:37  Shield Battery  
  74  5:40  Probe x3  
  77  5:45  Robotics Facility  
  77  5:46  Stalker  
  77  5:48  Sentry  
  81  5:52  Stalker  
  81  5:53  Probe  
  81  5:54  Probe x2  
  86  6:00  Stalker  
  86  6:03  Pylon  
  88  6:04  Pylon  
  88  6:20  Stalker x5  
  88  6:25  Stalker  
  100  6:29  Shield Battery  
  100  6:31  Shield Battery  
  100  6:33  Immortal  
  104  6:40  Gateway  
  104  6:43  Cybernetics Core  
  104  6:48  Stalker x3  
  110  6:56  Gateway  
  110  7:04  Zealot x3  
  105  7:18  Pylon  
  103  7:24  Pylon  
  99  7:32  Pylon  
  99  7:36  Pylon  
  89  7:37  Stalker x5  
  89  7:38  Pylon  
Tags
 
Add a new tag
Caveats
  • Supply blocks, unpowered buildings, or Contaminate may cause inaccurate times.
  • Supply counts are checked every 10 seconds.